 Dungeon Crawl Stone Soup version 0.14-a0-1444-g21dc12d (webtiles) character file.

3636 Piginabag the Markself (level 9, -1/53 HPs)
             Began as a High Elf Hunter on Dec 12, 2013.
             Was a Follower of Makhleb.
             Hit by a tomahawk of returning thrown by an orc warrior (18 damage)
             ... in a bailey.
             The game lasted 00:50:40 (7977 turns).

Piginabag the Markself (High Elf Hunter)            Turns: 7977, Time: 00:50:40

HP  -1/53        AC  3     Str 11      XL: 9   Next: 75%
MP  16/16        EV 15     Int 16      God: Makhleb [*.....]
Gold 228         SH  0     Dex 19      Spells:  0 memorised,  8 levels left

rFire  . . .     SeeInvis .     y - +0 blowgun
rCold  . . .     Clarity  .     d - +0 elf leather armour
rNeg   . . .     Conserve .     (no shield)
rPois  .         rCorr    .     (no helmet)
rElec  .         rRot     .     (no cloak)
SustAb . .       Spirit   .     (no gloves)
rMut   .         Warding  .     (no boots)
Saprov . . .     Stasis   .     (no amulet)
                                (no ring)
                                (no ring)

@: somewhat resistant to hostile enchantments, stealthy
A: no striking features
a: Renounce Religion


You were in a bailey.
You worshipped Makhleb.
Makhleb was aware of your devotion.
You were not hungry.

You visited 2 branches of the dungeon, and saw 8 of its levels.
You also visited: Sewer and Bailey.

You collected 228 gold pieces.

Inventory:

Hand weapons
 a - a +0,+0 elven short sword
 b - a +2,+2 elven bow
 l - a +0,+0 orcish anti-magic dagger
 y - a +0 blowgun (weapon)
Missiles
 o - 6 arrows of dispersal
 E - 3 poisoned darts (quivered)
 W - 17 tomahawks of returning
Armour
 d - a +0 elven leather armour (worn)
Magical devices
 t - a wand of random effects (8)
 J - a wand of polymorph (12)
 O - a wand of flame (14) {unknown}
 Q - a wand of flame (20) {unknown}
 U - a wand of paralysis (4) {unknown}
Comestibles
 f - 2 bread rations
 i - a sausage
 u - 2 meat rations
 v - a slice of pizza
 L - a choko
 P - a royal jelly
 X - 2 chunks of goblin flesh
Scrolls
 k - 10 scrolls of remove curse {unknown}
 n - a scroll of amnesia
 p - a scroll of enchant weapon II
 q - a scroll of recharging {unknown}
 s - 2 scrolls of enchant weapon I
 z - a scroll of teleportation
 D - a scroll of identify
 F - a scroll of random uselessness
 G - a scroll of immolation
 I - a scroll of curse weapon {unknown}
 S - a scroll of blinking
 T - a scroll of noise {unknown}
 V - a scroll of magic mapping
Jewellery
 e - a cursed ring of teleportation
 h - an uncursed amulet of stasis
 R - an uncursed ring of invisibility {unknown}
Potions
 g - a potion of heal wounds
 j - 5 potions of curing
 r - 3 potions of poison {unknown}
 w - 2 potions of brilliance {unknown}
 x - a potion of agility {unknown}
 B - a potion of beneficial mutation {unknown}
 C - 2 potions of flight
 H - a potion of restore abilities {unknown}
 K - a potion of cure mutation {unknown}
 M - a potion of might {unknown}
 N - 2 potions of lignification {unknown}


   Skills:
 + Level 1.0 Fighting
 + Level 15.6 Bows
 + Level 1.9 Throwing
 + Level 2.6 Armour
 + Level 5.6 Dodging
 + Level 3.1 Stealth
 + Level 0.9 Evocations


You had 8 spell levels left.
You didn't know any spells.

Dungeon Overview and Level Annotations

Branches:
Dungeon (7/16)             Temple (1/1) D:5

Altars:
Ashenzari
Elyvilon
Kikubaaqudgha
Makhleb
Okawaru
Sif Muna
Trog
Vehumet
Xom
Yredelemnul
Zin
the Shining One

Annotations:
D:2 Sigmund
D:3 Terence


Message History

You see here a tomahawk of returning.
y - a +0 blowgun (weapon)
The kobold throws a tomahawk of returning.
The tomahawk of returning misses you.
The weapon returns to the kobold!
The orc warrior throws a tomahawk of returning.
The tomahawk of returning hits you!
The weapon returns to the orc warrior!
Firing (i - inventory. (,) - cycle):
m - a curare-tipped needle (quivered)
Press: ? - help, Shift-Dir - straight line, f - orc warrior, p - orc warrior
Aim: an orc warrior, wielding an orcish hand axe (almost dead)
You shoot a curare-tipped needle.
The curare-tipped needle hits the orc warrior.
The orc warrior is almost dead.
The orc warrior is poisoned.
The orc warrior convulses.
You kill the orc warrior!
Makhleb accepts your kill.
The kobold throws a tomahawk of returning.
The tomahawk of returning hits you!
The weapon returns to the kobold!
The orc warrior throws a tomahawk of returning.
The tomahawk of returning hits you!
You die...
K≈K≈K

#≈(≈# o≈)≈(
##≈(≈## o≈(≈o
#+###≈)≈###+#
#...(≈)≈....#
##(##
###@∩^###
#^#(.^#)#
###.∩.###
#####


You could see an orc warrior (frenzied) and a kobold.

Vanquished Creatures
  The ghost of Yllodra the Covert, an experienced SpEn of Nemelex Xobeh (Bailey)
  The ghost of M4edhros the Covert, an experienced OpMo of Zin (D:7)
  A hippogriff (D:7)
  Edmund (D:5)
  An ice beast (D:6)
  A phantom (D:6)
  4 orc warriors (Bailey)
  4 ogres
  A centaur (D:6)
  Duvessa (D:6)
  A big kobold (Sewer)
  2 giant frogs (D:6)
  An eye of draining (D:7)
  The ghost of timbw the Stinger, a weakling HuVM (D:4)
  Dowan (D:6)
  A goliath beetle (D:6)
  2 hounds (D:4)
  3 jellies
  Crazy Yiuf (D:2)
  A big fish (Sewer)
  An iguana (D:6)
  7 orc wizards
  5 worker ants
  2 halflings (D:6)
  A killer bee zombie (D:7)
  A hound skeleton (D:5)
  5 adders
  3 gnolls (D:3)
  An inept item mimic (D:2)
  A giant mite (D:3)
  4 worms
  4 grey rats
  A giant eyeball (D:7)
  8 giant geckos
  An ooze (D:1)
  26 orcs
  A ball python (D:4)
  13 bats
  8 giant cockroaches
  15 hobgoblins
  5 jackals
  28 kobolds
  4 quokkas
  A giant gecko skeleton (D:4)
  10 giant newts
  18 goblins
  A kobold skeleton (D:7)
  A quokka skeleton (D:6)
  16 rats
  A rat zombie (D:6)
  A bush (D:6)
  2 butterflies (D:6)
  A fungus (D:2)
227 creatures vanquished.

Vanquished Creatures (others)
  A butterfly (D:6)
1 creature vanquished.

Grand Total: 228 creatures vanquished

Notes
Turn   | Place    | Note
--------------------------------------------------------------
     0 | D:1      | Piginabag, the High Elf Hunter, began the quest for the Orb.
     0 | D:1      | Reached XP level 1. HP: 13/13 MP: 2/2
   434 | D:1      | Reached skill level 6 in Bows
   434 | D:1      | Reached XP level 2. HP: 9/18 MP: 3/3
   935 | D:1      | Reached XP level 3. HP: 17/23 MP: 5/5
  1450 | D:2      | Noticed Sigmund
  1754 | D:2      | Reached XP level 4. HP: 28/28 MP: 7/7
  1859 | D:2      | Reached skill level 7 in Bows
  1929 | D:2      | Noticed Crazy Yiuf
  1944 | D:2      | Killed Crazy Yiuf
  2278 | D:3      | Reached XP level 5. HP: 33/33 MP: 8/8
  2387 | D:3      | Reached skill level 8 in Bows
  2673 | D:3      | Noticed Terence
  2965 | D:3      | Reached XP level 6. HP: 38/38 MP: 10/10
  3034 | D:3      | Reached skill level 9 in Bows
  3177 | D:3      | Found a glowing drain.
  3181 | Sewer    | Entered a sewer
  3258 | Sewer    | Reached skill level 1 in Armour
  3482 | Sewer    | Found a glowing silver altar of Zin.
  3744 | D:4      | Reached skill level 10 in Bows
  3958 | D:4      | Reached XP level 7. HP: 43/43 MP: 12/12
  4355 | D:4      | Reached skill level 11 in Bows
  4389 | D:4      | Noticed timbw's ghost (weakling HuVM)
  4409 | D:4      | Killed timbw's ghost
  4795 | D:5      | Entered Level 5 of the Dungeon
  4902 | D:5      | Noticed Edmund
  4923 | D:5      | Killed Edmund
  4923 | D:5      | Reached XP level 8. HP: 48/48 MP: 13/13
  4986 | D:5      | Reached skill level 12 in Bows
  5301 | D:5      | Found a staircase to the Ecumenical Temple.
  5320 | Temple   | Entered the Ecumenical Temple
  5407 | Temple   | Became a worshipper of Makhleb the Destroyer
  5693 | D:6      | Noticed Duvessa
  5700 | D:6      | Killed Duvessa
  5870 | D:6      | Reached skill level 13 in Bows
  6077 | D:6      | Found a shimmering altar of Xom.
  6391 | D:6      | Noticed Dowan
  6400 | D:6      | Killed Dowan
  6422 | D:6      | Reached skill level 14 in Bows
  6618 | D:6      | Acquired Makhleb's first power
  7175 | D:6      | Reached XP level 9. HP: 53/53 MP: 15/15
  7729 | D:7      | Found a flagged portal.
  7735 | D:7      | Noticed M4edhros' ghost (experienced OpMo)
  7762 | D:7      | Killed M4edhros' ghost
  7888 | Bailey   | Entered a bailey
  7891 | Bailey   | Noticed Yllodra's ghost (experienced SpEn)
  7898 | Bailey   | Killed Yllodra's ghost
  7898 | Bailey   | Reached skill level 15 in Bows
  7898 | Bailey   | Reached skill level 1 in Throwing
  7898 | Bailey   | Reached skill level 5 in Dodging
  7932 | Bailey   | Noticed an orc knight
  7977 | Bailey   | Hit by a tomahawk of returning thrown by an orc warrior

Action                   |  1- 3 |  4- 6 |  7- 9 || total
-------------------------+-------+-------+-------++-------
Melee: Bow               |       |    26 |    32 ||    58
       Dagger            |       |       |   214 ||   214
       Short sword       |       |       |     2 ||     2
 Fire: Bow               |    90 |   176 |   353 ||   619
       Blowgun           |       |     2 |    28 ||    30
Throw: Dart              |       |       |     1 ||     1
Evoke: Wand              |       |       |     5 ||     5
  Use: Scroll            |     1 |    11 |     5 ||    17
       Potion            |       |       |     8 ||     8
